 Dungeon Crawl Stone Soup version 0.20.0-15-g7f486f2 (webtiles) character file.

3270 dartaniar the Magician (level 9, -5/68 HPs)
             Began as a Purple Draconian Fire Elementalist on June 10, 2017.
             Was a Priest of Elyvilon.
             Slain by a killer bee (7 damage)
             ... on level 8 of the Dungeon on June 11, 2017.
             The game lasted 01:50:47 (11453 turns).

dartaniar the Magician (DrFE)                      Turns: 11453, Time: 01:50:51

Health: -5/68      AC:  9    Str: 11    XL:     9   Next: 68%
Magic:  13/29      EV: 14    Int: 18    God:    Elyvilon [***...]
Gold:   145        SH:  0    Dex: 12    Spells: 0/23 levels left

rFire    . . .     SeeInvis +   y - +1 short sword (speed)
rCold    . . .     Gourm    .   (no shield)
rNeg     . . .     Faith    .   (armour unavailable)
rPois    .         Spirit   .   (helmet restricted)
rElec    .         Reflect  .   (no cloak)
rCorr    .         Harm     .   x - +1 pair of gloves
MR       +....                  (no boots)
Stlth    ++........             (no amulet)
Regen    0.3/turn               C - ring of magical power
MPRegen  0.3/turn               l - ring of see invisible

@: lethally poisoned (-5 -> -11), about to teleport
A: breathe power, unfitting armour, cold-blooded, AC +7
a: Breathe Dispelling Energy, Lesser Healing, Heal Other, Purification, Divine
Protection, Renounce Religion


You were on level 8 of the Dungeon.
You worshipped Elyvilon.
Elyvilon was most pleased with you.
You were not hungry.

You visited 2 branches of the dungeon, and saw 9 of its levels.
You also visited: Bailey.

You collected 425 gold pieces.
You spent 280 gold pieces at shops.

Inventory:

Hand Weapons
 e - a +1 short sword
 y - a +1 short sword of speed (weapon)
 A - a +0 dagger of electrocution
Missiles
 w - 15 poisoned needles (quivered)
Armour
 d - a +0 pair of gloves
 g - a +1 helmet
 k - a +1 pair of gloves
 r - a +0 robe
 x - a +1 pair of gloves (worn)
Jewellery
 j - an uncursed ring of protection from fire
 l - a ring of see invisible (right hand)
 o - an uncursed ring of resist corrosion
 C - a ring of magical power (left hand)
 D - an uncursed ring of stealth
Wands
 G - a wand of flame (31/48)
Scrolls
 h - a scroll of teleportation
 s - a scroll of enchant armour
 t - a scroll of remove curse
 F - 2 scrolls of torment
Potions
 c - 2 potions of cancellation {unknown}
 m - a potion of lignification {unknown}
 n - 6 potions of heal wounds {unknown}
 p - 3 potions of mutation {unknown}
 q - 5 potions of magic {unknown}
 v - 2 potions of brilliance {unknown}
 B - 2 potions of haste {unknown}
 E - a potion of ambrosia {unknown}
Books
 a - a book of Flames

   Spells                             Type                      Level
   a - Flame Tongue                   Conjuration/Fire             1
   b - Throw Flame                    Conjuration/Fire             2
   c - Conjure Flame                  Conjuration/Fire             3
   d - Inner Flame                    Hexes/Fire                   3
   e - Sticky Flame                   Conjuration/Fire             4
   f - Fireball                       Conjuration/Fire             5
 z - a book of Changes

   Spells                             Type                      Level
   a - Beastly Appendage              Transmutation                1
   b - Sticks to Snakes               Transmutation                2
   c - Spider Form                    Transmutation/Poison         3
   d - Ice Form                       Ice/Transmutation            4
   e - Blade Hands                    Transmutation                5
Comestibles
 b - 4 fruits
 u - 2 bread rations
 H - 6 royal jellies


   Skills:
 + Level 2.9 Fighting
 + Level 3.9 Short Blades
 + Level 4.8 Dodging
 + Level 3.2 Stealth
 + Level 7.9 Spellcasting
 + Level 6.0 Conjurations
 + Level 0.4 Hexes
 + Level 7.3 Fire Magic
 + Level 0.2 Invocations


You couldn't memorise any spells.
You knew the following spells:

 Your Spells              Type           Power        Failure   Level  Hunger
a - Flame Tongue          Conj/Fire      ####.        1%          1    None
b - Throw Flame           Conj/Fire      ####..       1%          2    None
c - Conjure Flame         Conj/Fire      ####....     1%          3    #......
d - Inner Flame           Hex/Fire       ###.....     6%          3    #......
e - Fireball              Conj/Fire      ####......   17%         5    #####..
f - Sticky Flame          Conj/Fire      ####....     6%          4    ###....
g - Beastly Appendage     Tmut           #.....       10%         1    None
h - Ice Form              Ice/Tmut       #.......     67%         4    ###....


Dungeon Overview and Level Annotations

Branches:
Dungeon (8/15)             Temple (1/1) D:5
   Lair: D:8-11

Altars:
Ashenzari
Cheibriados
Dithmenos
Elyvilon
Fedhas
Gozag
Hepliaklqana
Kikubaaqudgha
Makhleb
Nemelex Xobeh
Okawaru
Qazlal
Ru
Sif Muna
Trog
Uskayaw
Vehumet
Xom
Yredelemnul
Zin
The Shining One

Shops:
D:7 =


Innate Abilities, Weirdness & Mutations

You can breathe bolts of dispelling energy.
Your rich purple scales are hard. (AC +7)
You cannot fit into any form of body armour.
You are cold-blooded and may be slowed by cold attacks.


Message History

You feel better. The killer bee stings you.
* * * LOW HITPOINT WARNING * * *
The killer bee stings you but does no damage.
The killer bee barely misses you.
You hear an angry buzzing noise.
The killer bee completely misses you. The killer bee stings you!
* * * LOW HITPOINT WARNING * * *
As you read the scroll of teleportation, it crumbles to dust.
You feel strangely unstable. The killer bee stings you.
* * * LOW HITPOINT WARNING * * *
You are lethally poisoned!
The killer bee poisons you! The killer bee barely misses you. x2
* * * LOW HITPOINT WARNING * * *
You feel sick.
The killer bee rages.
The killer bee closely misses you.
You hear an angry buzzing noise.
The killer bee rages.
The killer bee stings you!
You die...

.#.# #.#.# #.#####
.#.# #.#.# #.#...#
.#.# #.#.# #.#..##
.#.# #.#.####.#...#
.#.# #.#.#....#..##
...# #.#.#..#.#..#
...###.#.##.###..##
.........#........#
#..###.###....<#@##
##..........####y#
.#.....#########y#
##.###......yy..y#
##.# #.###########
...# #.# #..###y##
.......># ...###.##


You could see a queen bee and 2 killer bees.

Vanquished Creatures
  Menkaure (D:7)
  2 orc warriors
  A hornet zombie (D:5)
  3 ice beasts
  A black bear (D:7)
  2 phantoms
  4 ogres
  A centaur (D:5)
  A big kobold (D:7)
  2 bullfrogs
  A scorpion (D:5)
  A water moccasin skeleton (D:7)
  12 killer bees
  4 wights (D:6)
  2 howler monkeys
  2 crimson imps
  A bullfrog zombie (D:5)
  A quasit (D:6)
  A centaur skeleton (D:4)
  2 hounds
  An orc priest (D:7)
  A bullfrog skeleton (D:4)
  An orc wizard (D:5)
  3 iguanas
  3 worker ants
  A hound skeleton (D:6)
  A howler monkey skeleton (D:5)
  9 adders
  13 gnolls (Bailey)
  2 shadow imps
  An ooze (D:2)
  An adder zombie (D:5)
  5 worms
  2 dart slugs
  5 leopard geckos
  10 orcs
  7 bats
  5 giant cockroaches
  7 goblins
  15 hobgoblins
  18 jackals
  24 kobolds
  4 quokkas
  2 ball pythons
  3 frilled lizards
  A jackal skeleton (D:4)
  A leopard gecko skeleton (D:4)
  A quokka zombie (D:5)
  6 rats
  A fungus (D:4)
199 creatures vanquished.

Notes
Turn   | Place    | Note
-------+----------+-------------------------------------------
     0 | D:1      | dartaniar the Draconian Fire Elementalist began the quest for the Orb.
     0 | D:1      | Reached XP level 1. HP: 14/14 MP: 3/3
   616 | D:1      | Reached XP level 2. HP: 20/20 MP: 1/5
   620 | D:1      | Learned a level 2 spell: Throw Flame
  1195 | D:2      | Reached XP level 3. HP: 26/26 MP: 1/6
  1371 | D:2      | Learned a level 3 spell: Conjure Flame
  1404 | D:2      | Found a shimmering altar of Xom.
  1430 | D:2      | Found a sacrificial altar of Ru.
  1694 | D:2      | Found a hazy altar of Hepliaklqana.
  1789 | D:2      | Found a glowing silver altar of Zin.
  1839 | D:2      | Found an ancient bone altar of Kikubaaqudgha.
  2009 | D:2      | Reached XP level 4. HP: 33/33 MP: 0/7
  2145 | D:2      | Found a blossoming altar of Fedhas.
  3026 | D:3      | Reached skill level 1 in Short Blades
  3279 | D:4      | Found a white marble altar of Elyvilon.
  3301 | D:4      | Became a worshipper of Elyvilon the Healer
  3324 | D:4      | Reached XP level 5. HP: 34/39 MP: 9/9
  3333 | D:4      | Learned a level 3 spell: Inner Flame
  3785 | D:4      | Reached skill level 1 in Fighting
  4424 | D:4      | HP: 2/40 [bullfrog skeleton (4)]
  4426 | D:4      | Reached XP level 6. HP: 2/47 MP: 0/10
  5114 | D:5      | Entered Level 5 of the Dungeon
  5114 | D:5      | Noticed an ice beast
  5125 | D:5      | Killed an ice beast
  5185 | D:5      | Elyvilon protects you from harm!
  5185 | D:5      | HP: 2/47 [centaur/arrow (3)]
  5190 | D:5      | Elyvilon protects you from harm!
  5532 | D:5      | Found a staircase to the Ecumenical Temple.
  5634 | D:5      | Your scales start taking on a rich purple colour.
  5634 | D:5      | Reached XP level 7. HP: 52/52 MP: 2/13
  5641 | D:5      | Learned a level 5 spell: Fireball
  5720 | Temple   | Entered the Ecumenical Temple
  5777 | Temple   | Reached * piety under Elyvilon
  6428 | D:5      | Reached skill level 5 in Spellcasting
  6428 | D:5      | Reached skill level 5 in Fire Magic
  6649 | D:5      | Reached XP level 8. HP: 27/59 MP: 8/16
  7974 | D:6      | Learned a level 4 spell: Sticky Flame
  8304 | D:6      | Reached ** piety under Elyvilon
  8654 | D:7      | Found Jair's Jewellery Emporium.
  8660 | D:7      | Bought an uncursed ring of magical power for 280 gold pieces
  8679 | D:7      | Found a flagged portal.
  8688 | Bailey   | Entered a bailey
  9313 | Bailey   | Reached XP level 9. HP: 50/68 MP: 6/19
  9326 | Bailey   | Reached skill level 5 in Conjurations
  9564 | D:7      | Found a burning altar of Makhleb.
 10160 | D:7      | Reached *** piety under Elyvilon
 10251 | D:7      | Identified a scroll of acquirement
 10473 | D:7      | Noticed Menkaure
 10475 | D:7      | Killed Menkaure
 10704 | D:7      | Learned a level 1 spell: Beastly Appendage
 10709 | D:7      | Learned a level 4 spell: Ice Form
 10874 | D:8      | Noticed a two-headed ogre
 10896 | D:8      | Noticed a queen bee
 11452 | D:8      | HP: 2/68 [killer bee (4)]
 11453 | D:8      | Slain by a killer bee

Skill      XL: |  1  2  3  4  5  6  7  8  9 |
---------------+----------------------------+-----
Dodging        | 2 3 4 |  4.8
Stealth        | 2 3 |  3.2
Short Blades   | 1 2 3 |  3.9
Conjurations   | 2 3 4 6 |  6.0
Fighting       | 1 2 |  2.9
Spellcasting   | 3 4 5 6 7 |  7.9
Fire Magic     | 4 5 6 7 |  7.3
Hexes          | |  0.4
Invocations    | |  0.2

Action                   |  1- 3 |  4- 6 |  7- 9 || total
-------------------------+-------+-------+-------++-------
Melee: Unarmed           |     2 |       |       ||     2
       Short sword       |    28 |    93 |   165 ||   286
       Tailslap          |     7 |     8 |    11 ||    26
 Cast: Flame Tongue      |    58 |    64 |   198 ||   320
       Throw Flame       |    12 |    35 |    48 ||    95
       Conjure Flame     |     1 |     5 |       ||     6
       Inner Flame       |       |     3 |       ||     3
       Fireball          |       |       |    12 ||    12
       Sticky Flame      |       |       |    24 ||    24
Invok: Lesser Healing    |       |       |     3 ||     3
       Divine Protection |       |       |     2 ||     2
  Use: Scroll            |     4 |     7 |     8 ||    19
       Potion            |       |     3 |     6 ||     9
  Eat: Bread ration      |     1 |     1 |     2 ||     4
       Chunk             |       |     4 |     5 ||     9
       Fruit             |       |     2 |     2 ||     4
       Royal jelly       |       |     1 |     1 ||     2
       Meat ration       |       |     1 |     2 ||     3
Armor: Skin              |    81 |    46 |   117 ||   244
Dodge: Dodged            |   136 |   116 |   336 ||   588
